 Dungeon Crawl Stone Soup version 0.19-a0-1568-gdd01aac (webtiles) character file.

1089 TheGoonsmith the Cudgeler (level 8, -15/139 HPs)
             Began as a Demonspawn Gladiator on Sept 15, 2016.
             Was a Follower of Uskayaw.
             Demolished by Pikel
             ... wielding a +1 whip of electrocution
              (16 damage)
             ... on level 6 of the Dungeon.
             The game lasted 00:10:17 (5351 turns).

TheGoonsmith the Cudgeler (Demonspawn Gladiator)    Turns: 5351, Time: 00:10:18

Health: -15/139    AC: 24    Str: 23    XL:     8   Next: 9%
Magic:  8/11       EV:  2    Int:  9    God:    Uskayaw [*.....]
Gold:   116        SH:  0    Dex: 14    Spells: 0 memorised, 7 levels left

rFire  . . .     SeeInvis .     t - +0 morningstar
rCold  . . .     Gourm    .     (armour currently unavailable)
rNeg   + + +     Faith    .     (no shield)
rPois  +         Spirit   .     (helmet currently unavailable)
rElec  .         Dismiss  .     (cloak currently unavailable)
rCorr  .         Reflect  .     (gloves currently unavailable)
MR     .....     Harm     .     (boots currently unavailable)
Stlth  .......... NoTele   +    (no amulet)
                                (no ring)
                                (no ring)

@: berserking, tree-form, very quick
A: (talons 0), powered by death 3, (sturdy frame 0)
a: Stomp, Renounce Religion


You were on level 6 of the Dungeon.
You worshipped Uskayaw.
Uskayaw was noncommittal.
You were not hungry.
You were a tree.
You visited 2 branches of the dungeon, and saw 7 of its levels.

You collected 158 gold pieces.
You spent 42 gold pieces at shops.

Inventory:

Hand Weapons
 a - a +0 flail
 t - a +0 morningstar (weapon)
Missiles
 d - 2 throwing nets
 g - 11 poisoned needles
 y - 5 tomahawks (quivered)
Armour
 b - a +0 leather armour
 c - a +0 helmet (melded)
 i - a +0 scale mail
 s - a +0 chain mail (melded)
Scrolls
 e - a scroll of recharging
 h - a scroll of amnesia
 j - 4 scrolls of remove curse
 m - 2 scrolls of random uselessness
 p - a scroll of fog
 r - 7 scrolls of identify
 x - a scroll of blinking {unknown}
 B - a scroll of enchant armour {unknown}
 C - 2 scrolls of teleportation
Potions
 l - a potion of curing
 v - a potion of ambrosia {unknown}
 z - a potion of beneficial mutation {unknown}
 A - a potion of haste {unknown}
 D - a potion of flight {unknown}
Books
 q - a book of Fire

   Spells                             Type                      Level
   a - Ignite Poison                  Fire/Transmutation/Poison    3
   b - Fireball                       Conjuration/Fire             5
   c - Bolt of Fire                   Conjuration/Fire             6
   d - Delayed Fireball               Conjuration/Fire             7
   e - Ring of Flames                 Charms/Fire                  7
Comestibles
 f - 3 bread rations
 n - 2 beef jerkies
 u - 4 fruits
 w - a meat ration


   Skills:
 + Level 5.3 Fighting
 * Level 7.3 Maces & Flails
 - Level 1.7 Throwing
 - Level 2.6 Dodging
 + Level 4.0 Invocations


You had 7 spell levels left.
You didn't know any spells.

Dungeon Overview and Level Annotations

Branches:
Dungeon (6/15)             Temple (1/1) D:4

Altars:
Ashenzari
Dithmenos
Elyvilon
Fedhas
Gozag
Hepliaklqana
Okawaru
Sif Muna
Uskayaw
Vehumet
Xom
Yredelemnul
The Shining One

Shops:
D:4 :   D:5 *

Annotations:
D:3 Sigmund
D:6 Pikel


Innate Abilities, Weirdness & Mutations

((You have sharp toenails.))
You regenerate a lot of health from kills.
((Your movements are slightly less encumbered by armour. (ER -2)))


Message History

You hit Pikel but do no damage.
Pikel is heavily wounded.
The slave hits you but does no damage. x2; Pikel hits you but does no damage.
The slave barely misses you. x2
It was a potion of berserk rage.
A red film seems to cover your vision as you go berserk!
You feel yourself moving faster!
You feel mighty! The slave hits you.
* * * LOW HITPOINT WARNING * * *
The slave hits you.
* * * LOW HITPOINT WARNING * * *
Pikel hits you with a whip of electrocution.
* * * LOW HITPOINT WARNING * * *
You are electrocuted!
* * * LOW HITPOINT WARNING * * *
The slave hits you but does no damage.
You barely miss Pikel.
Pikel is heavily wounded.
The slave hits you but does no damage. x2; Pikel hits you but does no damage.
You are electrocuted!
You die...

##......# ###
#.....#######.#
#.....##......######
#.............#....#
#.....##...........#
########...........#
#..........?.#
#......##.p..#
#......##♣p..#
##.....##Kp...#
########p....#
#.....# +.....#
#.>...# #.....#
......#


You could see Pikel and 4 slaves.

Vanquished Creatures
  Prince Ribbit (D:5)
  A phantom (D:4)
  An ogre (D:6)
  A crocodile (D:5)
  2 bullfrogs (D:6)
  A scorpion (D:4)
  2 howler monkeys
  A crimson imp (D:5)
  A centaur skeleton (D:4)
  2 bullfrog skeletons (D:4)
  2 worker ants
  Terence (D:2)
  An iguana (D:5)
  5 adders
  A howler monkey skeleton (D:5)
  An ooze (D:5)
  3 worms
  3 dart slugs
  4 leopard geckos
  9 orcs
  8 giant cockroaches
  10 goblins
  7 hobgoblins
  15 jackals
  9 kobolds
  2 quokkas (D:5)
  A ball python (D:1)
  4 bats
  3 frilled lizards
  A jackal skeleton (D:5)
  A leopard gecko skeleton (D:4)
  3 rats
107 creatures vanquished.

Notes
Turn   | Place    | Note
-------+----------+-------------------------------------------
     0 | D:1      | TheGoonsmith the Demonspawn Gladiator began the quest for the Orb.
     0 | D:1      | Reached XP level 1. HP: 16/16 MP: 1/1
   293 | D:1      | Reached skill level 3 in Maces & Flails
   309 | D:1      | Gained mutation: You regenerate a little health from kills. [demonic ancestry]
   309 | D:1      | Reached XP level 2. HP: 18/22 MP: 2/2
   770 | D:1      | Gained mutation: Your movements are slightly less encumbered by armour. (ER -2) [demonic ancestry]
   770 | D:1      | Reached XP level 3. HP: 28/28 MP: 3/3
  1429 | D:2      | Noticed Terence
  1445 | D:2      | Killed Terence
  1445 | D:2      | Reached skill level 4 in Maces & Flails
  1445 | D:2      | Gained mutation: You have sharp toenails. [demonic ancestry]
  1445 | D:2      | Reached XP level 4. HP: 24/34 MP: 4/4
  1781 | D:3      | Found an iron altar of Okawaru.
  2295 | D:3      | Noticed Sigmund
  2461 | D:4      | Found a staircase to the Ecumenical Temple.
  2471 | Temple   | Entered the Ecumenical Temple
  2508 | Temple   | Became a worshipper of Uskayaw the Reveler
  2559 | D:4      | Reached * piety under Uskayaw
  2681 | D:4      | Reached ** piety under Uskayaw
  2687 | D:4      | Reached *** piety under Uskayaw
  2781 | D:4      | Reached XP level 5. HP: 41/41 MP: 5/5
  2807 | D:4      | Reached skill level 5 in Maces & Flails
  2839 | D:4      | Noticed a phantom
  2851 | D:4      | Found Omumeg's Book Emporium.
  2922 | D:4      | Killed a phantom
  2922 | D:4      | Gained mutation: You regenerate health from kills. [demonic ancestry]
  2922 | D:4      | Reached XP level 6. HP: 14/48 MP: 4/6
  3115 | D:4      | Reached skill level 6 in Maces & Flails
  3406 | D:5      | Entered Level 5 of the Dungeon
  3421 | D:5      | Found Juhihucaow's General Store.
  3428 | D:5      | Bought a scroll of teleportation for 42 gold pieces
  3460 | D:5      | Noticed Prince Ribbit
  3920 | D:5      | Reached skill level 1 in Invocations
  3920 | D:5      | Gained mutation: You regenerate a lot of health from kills. [demonic ancestry]
  3920 | D:5      | Reached XP level 7. HP: 11/55 MP: 3/8
  4220 | D:5      | HP: 1/55 [Prince Ribbit (5)]
  4587 | D:5      | Killed Prince Ribbit
  5047 | D:6      | Reached skill level 5 in Fighting
  5047 | D:6      | Reached skill level 7 in Maces & Flails
  5085 | D:6      | Reached XP level 8. HP: 22/62 MP: 5/10
  5338 | D:6      | Noticed Pikel
  5350 | D:6      | HP: 1/139 [Pikel/whip of electrocution (15)]
  5351 | D:6      | Demolished by Pikel

Vault maps used:
D:1:      saegor_arrival_simple_f
D:2:      serial_park_tiny_2, minmay_pentomino_o4, uniq_terence
D:3:      kennysheep_six_static_rooms, okawaru_ov_weapons_minmay, uniq_sigmund
D:4:      serial_shops, shop, minmay_ruptured
D:5:      serial_shops, shop, first_bread, uniq_prince_ribbit1
D:6:      serial_shops, shop, uniq_pikel, uniq_eustachio
Temple:   regret_index_temple_sigil_plot

Skill      XL: |  1  2  3  4  5  6  7  8 |
---------------+-------------------------+-----
Maces & Flails | 3 4 5 6 7 |  7.3
Fighting       | 3 4 5 |  5.3
Invocations    | 1 3 4 |  4.0
Throwing       | |  1.7
Dodging        | |  2.6

Action                   |  1- 3 |  4- 6 |  7- 9 || total
-------------------------+-------+-------+-------++-------
Melee: Flail             |   174 |    30 |       ||   204
       Morningstar       |       |   162 |    84 ||   246
       Kick              |       |    37 |    15 ||    52
Throw: Throwing net      |     1 |       |       ||     1
       Tomahawk          |       |     1 |       ||     1
Invok: Stomp             |       |     5 |     5 ||    10
       Line Pass         |       |       |     2 ||     2
  Use: Scroll            |     4 |     2 |       ||     6
       Potion            |       |     1 |     3 ||     4
 Stab: Paralysed         |       |     1 |       ||     1
  Eat: Chunk             |     2 |     9 |     1 ||    12
       Meat ration       |       |       |     1 ||     1
Armor: Leather armour    |    17 |       |       ||    17
       Scale mail        |    42 |    27 |       ||    69
       Chain mail        |       |    80 |    43 ||   123
       Skin              |       |     9 |    10 ||    19
Dodge: Dodged            |   123 |   109 |    49 ||   281
